Map: 16-Bit LE

Players

soul - Winner!

  • Race: Terran Terran
  • Spawn Location: 1:00

MaNa

  • Race: Protoss Protoss
  • Spawn Location: 7:00

Event: WCS Austin 2018

VOD

Have the link to the VOD?

Description

Time

  • Played on: June 1, 2018, 5:27 p.m.
  • Length: 13:05

All games in this series

Show
View Real Time Build Order
Export as new Build Order

soul Terran - Winner!

Build Orders: Reaper Expand, MMM Bio 

Get SALT Encoding   

  12  0:00  SCV  
  13  0:12  SCV  
  14  0:17  Supply Depot  
  14  0:24  SCV  
  15  0:39  SCV  
  15  0:41  Barracks  
  16  0:46  Refinery  
  16  0:51  SCV  
  17  1:03  SCV  
  18  1:15  SCV  
  19  1:28  Orbital Command  
  19  1:29  Reaper  
  20  1:43  Command Center  
  20  1:53  Supply Depot  
  20  1:54  SCV  
  21  2:02  Barracks Reactor  
  21  2:06  SCV  
  22  2:18  SCV  
  23  2:23  Command Center  
  23  2:31  SCV  
  24  2:39  Barracks, Marine  
  24  2:40  Marine  
  26  2:49  SCV  
  26  2:55  Orbital Command  
  26  2:57  Marine  
  27  2:59  Marine  
  27  3:02  SCV  
  29  3:08  Engineering Bay  
  29  3:15  SCV, Marine  
  29  3:17  Marine  
  32  3:21  SCV  
  33  3:27  SCV  
  33  3:28  Barracks Tech Lab  
  33  3:33  SCV  
  33  3:34  Missile Turret  
  35  3:36  Orbital Command  
  35  3:39  SCV  
  36  3:43  Marine x2  
  36  3:45  SCV  
  36  3:46  Stimpack  
  39  3:51  SCV  
  39  3:57  SCV  
  39  3:59  Missile Turret  
  39  4:02  Factory  
  40  4:03  SCV, Marine  
  40  4:04  SCV  
  40  4:09  SCV  
  44  4:10  Refinery  
  44  4:13  Marine  
  44  4:15  SCV  
  46  4:17  SCV  
  46  4:19  Supply Depot  
  46  4:20  Marine  
  46  4:22  SCV  
  49  4:28  SCV  
  49  4:29  SCV  
  49  4:31  Barracks  
  51  4:32  Refinery  
  51  4:34  SCV  
  51  4:35  Bunker  
  52  4:39  Marauder  
  52  4:42  SCV  
  55  4:46  Factory Reactor  
  55  4:47  Starport, Orbital Command, Marine  
  55  4:49  SCV  
  55  4:53  Refinery  
  55  4:55  SCV  
  55  4:59  Supply Depot, Marine  
  55  5:00  Marauder  
  55  5:02  SCV  
  55  5:06  Marine  
  60  5:07  SCV  
  60  5:12  SCV  
  60  5:14  SCV  
  63  5:19  SCV, Barracks  
  63  5:20  Terran Infantry Weapons Level 1, Barracks  
  64  5:22  Marauder  
  64  5:24  SCV  
  64  5:26  SCV  
  67  5:29  Refinery  
  67  5:31  SCV  
  67  5:32  Factory Reactor  
  67  5:33  Medivac  
  66  5:36  SCV  
  66  5:38  SCV  
  66  5:42  Barracks Tech Lab, Supply Depot  
  67  5:43  Supply Depot, SCV  
  67  5:48  SCV  
  68  5:50  Missile Turret, SCV  
  68  5:55  SCV  
  68  5:56  Medivac  
  71  6:00  SCV  
  71  6:02  SCV, Marine  
  71  6:03  Marauder  
  76  6:07  Combat Shield  
  76  6:08  SCV  
  76  6:10  Marine  
  78  6:12  SCV  
  78  6:13  Barracks Tech Lab, Barracks Reactor  
  78  6:14  SCV  
  78  6:16  Supply Depot, Marine  
  81  6:18  Medivac  
  81  6:20  SCV, Marine  
  81  6:23  Marine  
  81  6:24  SCV  
  87  6:26  SCV  
  87  6:27  Widow Mine  
  87  6:28  Widow Mine, Marine  
  93  6:33  Supply Depot  
  93  6:34  Supply Depot  
  93  6:38  Marauder x2, SCV x3, Marine  
  101  6:42  Supply Depot  
  101  6:54  Marine x2, Medivac x2  
  101  6:55  Marauder, Marine  
  101  6:56  Widow Mine, SCV  
  101  6:59  Marauder x2  
  117  7:04  Refinery, Supply Depot, SCV  
  117  7:05  Supply Depot  
  117  7:06  Supply Depot  
  117  7:07  SCV  
  119  7:09  Supply Depot  
  119  7:12  Widow Mine  
  119  7:14  SCV  
  122  7:16  Marauder  
  122  7:22  Marine  
  125  7:25  SCV  
  125  7:26  Marauder x2, Widow Mine  
  132  7:30  Starport, Liberator  
  132  7:31  Fusion Core  
  132  7:32  Supply Depot  
  132  7:33  Marine  
  132  7:35  Liberator  
  133  7:37  Marauder  
  133  7:41  SCV  
  133  7:42  Marine  
  137  7:47  Marauder x2, Command Center  
  144  7:58  Marine  
  145  7:59  Marauder  
  145  8:03  Marine  
  145  8:05  Marine  
  145  8:06  Marine  
  145  8:08  Marauder  
  133  8:13  Liberator  
  133  8:16  Starport Tech Lab  
  133  8:17  Liberator  
  132  8:22  Armory, SCV  
  132  8:23  Engineering Bay, SCV x2  
  132  8:24  Marauder x2, Marine  
  132  8:25  Concussive Shells  
  140  8:27  Marine  
  140  8:28  Supply Depot  
  140  8:30  Marauder, Widow Mine x2  
  140  8:31  Liberator  
  150  8:34  SCV  
  150  8:35  SCV  
  150  8:36  Advanced Ballistics  
  155  8:41  Missile Turret  
  158  8:53  Refinery  
  158  8:57  Supply Depot  
  158  8:59  Refinery  
  158  9:00  Marine  
  158  9:01  Marauder  
  160  9:10  Planetary Fortress  
  160  9:13  Missile Turret, Medivac  
  162  9:17  Medivac  
  161  9:29  SCV x2, Marine  
  162  9:33  Liberator  
  162  9:35  Marauder, Marine x5  
  169  9:42  Terran Infantry Weapons Level 2  
  169  9:43  Terran Infantry Armor Level 1, Terran Ship Weapons Level 1  
  167  9:45  SCV x2  
  167  9:47  SCV, Marine  
  171  9:52  Marine  
  171  9:53  Marine  
  171  9:57  SCV x2  
  171  9:59  SCV  
  176  10:05  Marauder, Marine x2  
  176  10:06  Marauder, Sensor Tower  
  176  10:07  Marine  
  182  10:09  SCV  
  182  10:10  SCV  
  182  10:11  Marauder, SCV  
  187  10:19  Marine  
  187  10:20  Liberator  
  188  10:21  Barracks  
  188  10:22  SCV x2  
  188  10:23  SCV, Marine  
  188  10:24  Ghost Academy, Barracks  
  188  10:27  Marauder x2, Barracks  
  176  10:31  Liberator  
  176  10:32  Marauder  
  178  10:38  Marine x2  
  178  10:40  Marine  
  179  10:44  Marine  
  187  10:52  Medivac  
  187  10:55  Ghost x2  
  187  10:56  Marauder, Marine  
  192  11:02  Starport  
  192  11:03  Marine, Liberator  
  191  11:05  Sensor Tower, Marine  
  189  11:11  Marine  
  189  11:12  Barracks Tech Lab x2  
  189  11:18  Marauder  
  192  11:19  Marine  
  192  11:22  Medivac  
  192  11:23  Marine x2  
  192  11:24  Marauder x2  
  186  11:29  Barracks Tech Lab, Marine  
  186  11:31  Medivac  
  182  11:33  Liberator  
  182  11:35  Liberator  
  182  11:36  Marine  
  182  11:38  Marine  
  182  11:39  Marauder  
  183  11:45  Marauder, Marine  
  183  11:46  Marauder x2, Marine  
  191  11:47  Liberator x2  
  191  11:52  Marine  
  191  11:53  Marauder  
  196  12:03  Marine x3  
  196  12:05  Marauder, Marine  
  196  12:06  Marine x2  
  176  12:08  Marauder  
  176  12:10  Marine  
  176  12:14  Marine  
  154  12:21  Marine x3  
  149  12:22  Marine  
  149  12:24  Marauder  
  149  12:25  Marauder  
  149  12:26  Marauder  
  149  12:28  Marine  
  149  12:29  Marine  
  151  12:32  Marine  
  153  12:38  Marine  
  153  12:39  Marine x2  
  153  12:40  Marine  
  154  12:46  Marine  
Show
View Real Time Build Order
Export as new Build Order

MaNa Protoss 

Build Orders: 1 Gate Expand, Oracle Opening 

Get SALT Encoding   

  12  0:00  Probe  
  13  0:12  Probe  
  14  0:18  Pylon  
  14  0:24  Probe  
  15  0:32  Probe  
  15  0:37  Gateway  
  15  0:40  Probe  
  16  0:47  Assimilator  
  17  0:50  Probe  
  18  0:58  Probe  
  19  1:06  Probe  
  20  1:25  Nexus  
  20  1:37  Cybernetics Core  
  20  1:38  Probe  
  21  1:45  Assimilator  
  21  1:50  Probe  
  22  1:58  Pylon  
  22  2:02  Probe  
  22  2:06  Stalker  
  22  2:07  Pylon  
  23  2:18  Probe  
  23  2:20  Warp Gate  
  26  2:32  Stargate  
  26  2:34  Probe  
  26  2:44  Stalker  
  26  2:46  Probe  
  29  2:52  Probe  
  30  2:59  Probe  
  30  3:00  Probe  
  30  3:05  Oracle  
  32  3:08  Probe  
  32  3:11  Probe  
  37  3:20  Probe  
  37  3:23  Probe  
  39  3:32  Probe  
  40  3:35  Probe  
  40  3:40  Gateway  
  41  3:42  Oracle  
  41  3:44  Probe  
  41  3:47  Probe  
  46  3:49  Pylon  
  46  3:56  Probe  
  46  3:59  Probe  
  48  4:08  Probe  
  49  4:10  Nexus  
  49  4:11  Probe  
  50  4:17  Probe  
  50  4:19  Probe  
  52  4:25  Probe  
  52  4:27  Probe  
  52  4:28  Forge  
  52  4:30  Twilight Council  
  53  4:34  Probe  
  53  4:38  Probe, Sentry  
  57  4:40  Assimilator  
  57  4:41  Assimilator  
  58  4:46  Probe  
  58  4:50  Probe  
  60  4:54  Protoss Ground Armor Level 1  
  60  4:57  Blink  
  60  4:59  Probe  
  61  5:01  Pylon  
  61  5:02  Probe  
  62  5:14  Pylon  
  62  5:19  Probe x2, Pylon  
  62  5:20  Robotics Facility  
  64  5:22  Probe  
  65  5:32  Probe x2  
  65  5:34  Probe  
  68  5:40  Stalker, Sentry  
  72  5:44  Probe x2  
  72  5:46  Probe  
  75  5:50  Gateway  
  75  5:51  Gateway x2  
  75  5:54  Pylon  
  75  5:56  Probe x2  
  77  5:58  Shield Battery, Probe  
  77  5:59  Gateway  
  77  6:03  Gateway  
  78  6:08  Probe x2  
  78  6:10  Observer, Probe  
  82  6:13  Robotics Bay  
  82  6:17  Photon Cannon  
  82  6:20  Probe x2  
  84  6:26  Immortal, Stalker  
  84  6:27  Stalker  
  84  6:29  Shield Battery  
  84  6:30  Assimilator  
  84  6:31  Assimilator  
  88  6:35  Protoss Ground Armor Level 2  
  92  6:41  Shield Battery  
  92  6:42  Probe x2  
  92  6:44  Photon Cannon  
  94  6:47  Colossus  
  94  6:54  Forge  
  94  7:00  Pylon  
  94  7:01  Pylon  
  94  7:02  Pylon  
  100  7:08  Protoss Ground Weapons Level 1  
  100  7:10  Probe  
  100  7:12  Pylon  
  101  7:18  Probe  
  101  7:20  Zealot x3  
  101  7:21  Zealot x2  
  110  7:22  Stalker  
  110  7:25  Stalker  
  114  7:30  Extended Thermal Lance  
  114  7:37  Charge  
  114  7:41  Stalker x3  
  120  7:44  Stalker  
  120  7:47  Stalker  
  120  7:50  Stalker  
  124  7:59  Zealot  
  124  8:03  Probe x2  
  124  8:05  Stalker x2  
  124  8:06  Stalker  
  124  8:07  Stalker  
  124  8:09  Probe  
  130  8:18  Pylon  
  130  8:27  Pylon  
  130  8:29  Gateway  
  130  8:31  Robotics Facility  
  130  8:32  Gateway  
  130  8:33  Templar Archives  
  130  8:36  Probe x3  
  130  8:38  Observer  
  133  8:44  Warp Prism  
  133  8:46  Nexus  
  133  8:47  Zealot x2  
  133  8:48  Protoss Ground Weapons Level 2, Zealot  
  141  8:49  Protoss Ground Armor Level 3  
  141  8:56  Photon Cannon  
  141  9:00  Photon Cannon  
  140  9:12  Probe  
  141  9:24  Observer, Probe  
  137  9:35  Zealot x3  
  137  9:36  Stalker x4  
  140  9:44  Disruptor  
  140  9:48  Nexus  
  140  9:53  Psionic Storm  
  140  9:58  Pylon, Photon Cannon  
  140  10:00  Pylon  
  140  10:06  Pylon  
  140  10:10  Pylon  
  140  10:15  Disruptor  
  140  10:18  Stalker x3  
  140  10:19  Stalker  
  140  10:20  Zealot x2  
  155  10:33  Probe, Stargate  
  155  10:34  Probe  
  144  10:46  Disruptor  
  144  10:48  Stalker x2  
  147  10:51  Disruptor, Probe x2  
  152  11:11  Zealot x3  
  152  11:12  Zealot  
  152  11:16  Probe x2  
  158  11:24  Probe  
  157  11:35  Pylon  
  154  11:50  Disruptor  
  154  11:52  Colossus  
  155  11:54  Stalker  
  146  12:15  Zealot x4  
  123  12:20  Zealot x3  
  117  12:24  Probe x2  
  117  12:25  Disruptor  
  114  12:39  Stalker x4  
  122  12:46  Sentry  
  122  12:47  Zealot x2  
Tags
 
Add a new tag
Caveats
  • Supply blocks, unpowered buildings, or Contaminate may cause inaccurate times.
  • Supply counts are checked every 10 seconds.